 Dungeon Crawl Stone Soup version 0.25-a0-246-g58704a1ebd (webtiles) character file.

Game seed: 7099466178680046550, levelgen mode: classic

10479 Borgoz the Slicer (level 11, -11/72 HPs)
             Began as a Kobold Gladiator on Dec 4, 2019.
             Was a High Priest of Okawaru.
             Mangled by a cyclops (16 damage)
             ... on level 11 of the Dungeon.
             The game lasted 00:26:32 (13855 turns).

Borgoz the Slicer (Kobold Gladiator)               Turns: 13855, Time: 00:26:32

Health: -11/72     AC: 11    Str: 15    XL:     11   Next: 93%
Magic:  14/14      EV: 18    Int:  9    God:    Okawaru [*****.]
Gold:   754        SH:  8    Dex: 17    Spells: 10/10 levels left

rFire    + . .     SeeInvis .   a - +1 short sword (elec)
rCold    + . .     Gourm    .   P - +0 buckler
rNeg     . . .     Faith    .   p - +0 scale mail {rF+}
rPois    .         Spirit   .   o - +1 hat
rElec    .         Reflect  +   L - +0 cloak
rCorr    +         Harm     .   l - +0 pair of gloves
MR       .....                  m - +0 pair of boots
Stlth    ++........             A - +3 amulet of reflection
HPRegen  0.22/turn              b - ring of protection from cold
MPRegen  0.14/turn              C - ring of resist corrosion

@: no status effects
A: small, carnivore
a: Heroism, Finesse, Renounce Religion


You were on level 11 of the Dungeon.
You worshipped Okawaru.
Okawaru was extremely pleased with you.
You were completely stuffed.

You visited 2 branches of the dungeon, and saw 12 of its levels.
You also visited: Sewer.

You collected 754 gold pieces.

Inventory:

Hand Weapons
 a - a +1 short sword of electrocution (weapon)
 u - a +2 dagger of draining
 J - a +0 rapier
 O - a +4 short sword
Missiles
 d - 4 throwing nets (quivered)
Armour
 j - a +4 scale mail
 l - a +0 pair of gloves (worn)
 m - a +0 pair of boots (worn)
 o - a +1 hat (worn)
 p - a +0 scale mail of fire resistance (worn)
 y - a +0 shield
 L - a +0 cloak (worn)
 M - a +0 troll leather armour
 N - a +2 chain mail of poison resistance
 P - a +0 buckler (worn)
 Q - a +1 plate armour of poison resistance
Jewellery
 b - a ring of protection from cold (left hand)
 r - an uncursed ring of wizardry
 A - a +3 amulet of reflection (around neck)
 C - a ring of resist corrosion (right hand)
 H - an uncursed amulet of the acrobat
Wands
 t - a wand of random effects (25)
 w - a wand of flame (9)
 D - a wand of enslavement (12)
 G - a wand of iceblast (14)
 I - a wand of polymorph (3)
Scrolls
 h - 2 scrolls of enchant weapon {unknown}
 k - 4 scrolls of fog
 n - 12 scrolls of teleportation
 s - 6 scrolls of remove curse {unknown}
 v - 2 scrolls of magic mapping
 x - 2 scrolls of amnesia
 z - a scroll of brand weapon {unknown}
 E - 2 scrolls of fear
 F - 3 scrolls of blinking
 K - a scroll of random uselessness {unknown}
 R - 2 scrolls of holy word {unknown}
Potions
 c - a potion of cancellation
 e - 2 potions of haste
 g - a potion of might
 i - 3 potions of flight
 q - a potion of magic
 B - a potion of curing
Comestibles
 f - 18 rations
 S - 23 chunks of flesh


   Skills:
 * Level 10.3 Fighting
 * Level 12.3 Short Blades
 - Level 2.1 Throwing
 + Level 2.9 Armour
 * Level 11.3 Dodging
 - Level 7.3 Stealth
 + Level 1.0 Shields
 + Level 3.9 Invocations
 + Level 4.2 Evocations


You had 10 spell levels left.
You didn't know any spells.
Your spell library was empty.

Dungeon Overview and Level Annotations

Branches:
Dungeon (11/15)            Temple (1/1) D:5            Lair (0/6) D:8
    Orc (0/2) D:9           Sewer (visited)

Altars:
Ashenzari
Cheibriados
Dithmenos
Elyvilon
Fedhas
Gozag
Hepliaklqana
Kikubaaqudgha
Makhleb
Nemelex Xobeh
Okawaru
Qazlal
Ru
Sif Muna
Trog
Uskayaw
Vehumet
Wu Jian
Xom
Yredelemnul
Zin
The Shining One

Shops:
D:5 (   D:6 :   D:9 [   D:10 (%(*


Innate Abilities, Weirdness & Mutations

You are small and have problems with some larger weapons.
You are carnivorous and can eat meat at any time.


Message History

Okawaru accepts your kill. The orc warrior closely misses you.
You puncture the cyclops!
The cyclops is lightly wounded.
The cyclops hits you!!
You hit the cyclops. Lightning courses through the cyclops!!
The cyclops is heavily wounded.
You hit the cyclops but do no damage.
The cyclops is heavily wounded.
The orc warrior misses you.
You hit the cyclops.
The cyclops is severely wounded.
The cyclops hits you!
* * * LOW HITPOINT WARNING * * *
Okay, then.
You feel better.
The orc warrior hits you from afar with a cursed -3 halberd!!
* * * LOW HITPOINT WARNING * * *
The cyclops hits you!
You die...

...#.....#......#........#
#... ...#.....#...<.
#........# #...
...#.....#.######........#
#...
...###'###.#.............#
#...
....##.....#.............#
#...
....##..(..#.###.#########
#.## ....##.....#)# #.#
#... ########(###.# #.# .
#... #####...÷÷...# #@# ..
#... ....#..##....###C#
... #... ....#..
#.......o# $... #...
....#. #........# .....
#... ....#.
#...###'##...... #..#
....# #...#(...†C....)
#... ....#
#...#........... #...
....# .....#...........
#... ...##
......#...##...... #.##


You could see a cyclops and an orc warrior.

Vanquished Creatures
  Pikel (D:9)
  2 trolls (D:10)
  A hippogriff (D:8)
  Sigmund (D:3)
  A wraith (D:10)
  12 yaks
  Eustachio (D:4)
  2 hungry ghosts
  A water moccasin (D:5)
  Duvessa (D:5)
  4 porcupines (D:8)
  5 sky beasts
  3 black bears
  7 orc warriors
  4 slaves (D:9)
  3 ice beasts
  2 phantoms
  7 ogres
  6 centaurs
  2 crocodiles
  A gnoll sergeant (D:9)
  Blork the orc (D:5)
  9 bullfrogs
  Dowan (D:5)
  9 scorpions
  3 killer bees (D:9)
  9 howler monkeys
  An electric eel (D:8)
  A bullfrog zombie (D:10)
  2 crimson imps
  4 quasits
  3 jellies
  7 orc priests
  8 hounds
  6 orc wizards
  2 bullfrog skeletons
  3 iguanas
  5 worker ants
  Terence (D:2)
  2 hound skeletons
  A worker ant zombie (D:9)
  8 gnolls
  11 adders
  A howler monkey skeleton (D:4)
  A shadow imp (D:8)
  4 oozes (Sewer)
  2 adder skeletons
  An adder zombie (D:9)
  13 worms
  2 dart slugs
  4 leopard geckos
  49 orcs
  8 ball pythons
  15 bats
  4 giant cockroaches
  7 goblins
  3 hobgoblins
  6 jackals
  5 quokkas
  5 frilled lizards
  A jackal zombie (D:7)
  A quokka skeleton (D:5)
  6 rats
302 creatures vanquished.

Vanquished Creatures (others)
  25 fungi
25 creatures vanquished.

Grand Total: 327 creatures vanquished

Notes
Turn   | Place    | Note
-------+----------+-------------------------------------------
     0 | D:1      | Borgoz the Kobold Gladiator began the quest for the Orb.
     0 | D:1      | Reached XP level 1. HP: 12/12 MP: 1/1
   214 | D:1      | Reached XP level 2. HP: 18/18 MP: 2/2
   593 | D:2      | Noticed Terence
   606 | D:2      | Killed Terence
   606 | D:2      | Reached skill level 1 in Stealth
   606 | D:2      | Reached XP level 3. HP: 19/22 MP: 3/3
  1121 | D:2      | Reached XP level 4. HP: 18/28 MP: 4/4
  1555 | D:3      | Found a glowing drain.
  1824 | Sewer    | Entered a sewer
  1853 | Sewer    | Reached XP level 5. HP: 15/32 MP: 5/5
  2140 | Sewer    | Reached skill level 5 in Short Blades
  2978 | D:3      | Noticed Sigmund
  2989 | D:3      | Killed Sigmund
  2989 | D:3      | Reached skill level 5 in Dodging
  2989 | D:3      | Reached XP level 6. HP: 37/38 MP: 6/6
  3681 | D:4      | Reached skill level 6 in Short Blades
  3681 | D:4      | Reached XP level 7. HP: 29/44 MP: 7/7
  4094 | D:4      | Found a radiant altar of Vehumet.
  4476 | D:4      | Noticed Eustachio
  4520 | D:4      | Killed Eustachio
  4520 | D:4      | Reached skill level 5 in Fighting
  5124 | D:5      | Entered Level 5 of the Dungeon
  5185 | D:6      | Reached XP level 8. HP: 49/49 MP: 8/8
  5312 | D:7      | Reached skill level 7 in Short Blades
  5635 | D:6      | Reached skill level 5 in Stealth
  5704 | D:6      | Found Poata's Book Shoppe.
  5768 | D:6      | Reached skill level 8 in Short Blades
  5779 | D:6      | Found an iron altar of Okawaru.
  6000 | D:6      | Became a worshipper of Warmaster Okawaru
  6140 | D:6      | Reached XP level 9. HP: 56/56 MP: 9/9
  6674 | D:5      | Found a staircase to the Ecumenical Temple.
  6674 | D:5      | Noticed Blork the orc
  6684 | D:5      | Killed Blork the orc
  6713 | Temple   | Entered the Ecumenical Temple
  6902 | D:5      | Reached skill level 9 in Short Blades
  7234 | D:5      | Reached * piety under Okawaru
  7243 | D:5      | Found Faannegg's Weapon Shoppe.
  7552 | D:5      | Noticed Duvessa
  7553 | D:5      | Noticed Dowan
  7571 | D:5      | Killed Duvessa
  7574 | D:5      | Killed Dowan
  7705 | D:5      | Found a glowing golden altar of the Shining One.
  8383 | D:7      | Reached ** piety under Okawaru
  8383 | D:7      | Reached XP level 10. HP: 46/64 MP: 10/10
  8699 | D:7      | Reached skill level 10 in Short Blades
  9460 | D:8      | Reached skill level 1 in Invocations
  9460 | D:8      | Reached skill level 1 in Evocations
  9559 | D:8      | Reached *** piety under Okawaru
  9559 | D:8      | Reached skill level 1 in Armour
  9559 | D:8      | Reached skill level 10 in Dodging
  9891 | D:8      | Found a staircase to the Lair.
 10238 | D:8      | Reached skill level 11 in Short Blades
 10956 | D:9      | Noticed Pikel
 11103 | D:9      | Reached XP level 11. HP: 35/71 MP: 12/12
 11764 | D:9      | Killed Pikel
 11764 | D:9      | Reached **** piety under Okawaru
 11764 | D:9      | Received a gift from Okawaru
 12332 | D:9      | Found a glowing silver altar of Zin.
 12398 | D:9      | Found a staircase to the Orcish Mines.
 12400 | D:9      | Found Budil's Armour Shoppe.
 12521 | D:10     | Entered Level 10 of the Dungeon
 12770 | D:10     | Found Mochol's Antique Weapon Shoppe.
 12779 | D:10     | Found Womad's Food Boutique.
 12872 | D:10     | Reached skill level 12 in Short Blades
 12908 | D:10     | Received a gift from Okawaru
 12908 | D:10     | Reached skill level 10 in Fighting
 12914 | D:10     | Found Ludghubly's Antique Weapon Emporium.
 13075 | D:10     | Found Wechill's Whimsical Warehouse.
 13449 | D:11     | Reached ***** piety under Okawaru
 13806 | D:11     | Reached skill level 1 in Shields
 13815 | D:11     | Received a gift from Okawaru
 13835 | D:11     | Noticed a cyclops
 13855 | D:11     | Mangled by a cyclops

Levels and vault maps discovered:
D:1:      lightli_arrival_statue_moat, layout_loops_cross
D:2:      layout_loops_cross, minmay_misc_feat_room, corexii_leaking_fountain,
          uniq_terence
D:3:      layout_loops_ring, portal_sewer_entry_b, uniq_sigmund
D:4:      layout_loops_corners, vehumet_altar_wand_db, uniq_eustachio
D:5:      layout_loops_ring, tso_altar, temple_statues, serial_shops,
          nicolae_shop_trees, first_ration, uniq_blork_the_orc, uniq_duvessa
D:6:      old_forge, layout_loops_ring, okawaru_ov_weapons_minmay, serial_shops,
          kennysheep_mini
D:7:      layout_cave_pods
D:8:      layout_basic, due_lair_maze_entry_diamond, st_stairs_8
D:9:      layout_basic, marbit_many_paths, orc_david_3, uniq_pikel
D:10:     layout_cave_pools, serial_shops, shop_coins, shop, shop,
          nicolae_alphabet_shops
D:11:     layout_stronghold
Temple:   regret_index_temple_mists

Skill      XL: |  1  2  3  4  5  6  7  8  9 10 11 |
---------------+----------------------------------+-----
Dodging        | 4 5 6 7 9 10 11 | 11.3
Stealth        | 1 2 3 4 5 6 7 |  7.3
Fighting       | 3 4 5 6 7 9 10 | 10.3
Short Blades   | 5 6 8 9 11 12 | 12.3
Invocations    | 2 3 |  3.9
Evocations     | 2 4 |  4.2
Armour         | 1 2 |  2.9
Shields        | 1 |  1.0
Throwing       | |  2.1

Action                   |  1- 3 |  4- 6 |  7- 9 | 10-12 || total
-------------------------+-------+-------+-------+-------++-------
Melee: Rapier            |     6 |       |       |       ||     6
       Dagger            |    68 |   281 |   550 |   808 ||  1707
       Short sword       |       |       |       |   252 ||   252
Throw: Throwing net      |     1 |     1 |       |     2 ||     4
Evoke: Wand              |       |       |       |     2 ||     2
  Use: Scroll            |       |     6 |     6 |     4 ||    16
       Potion            |       |     4 |     4 |     4 ||    12
 Stab: Sleeping          |     2 |     3 |     6 |     1 ||    12
       Held in net/web   |     1 |     1 |       |     1 ||     3
       Distracted        |       |       |     1 |     2 ||     3
  Eat: Chunk             |     9 |     9 |    15 |    33 ||    66
Armor: Leather armour    |    15 |    45 |    44 |       ||   104
       Skin              |       |       |    50 |       ||    50
       Scale mail        |       |       |    38 |   176 ||   214
Dodge: Dodged            |    45 |   212 |   396 |   561 ||  1214
Block: Other             |       |       |     3 |    69 ||    72
       Reflection        |       |       |       |     5 ||     5
       Buckler           |       |       |       |    43 ||    43

Table legend:
 A = Non-vault XP
 B = Vault XP
 C = Vault XP percentage of total XP
 D = Non-vault monster count
 E = Vault monster count
 F = Vault count percentage of total count
                 A         B        C        D         E       F
            +---------+---------+-------+---------+---------+-------
      Total |   11688 |    3282 |  21.9 |     229 |      69 |  23.2
            +---------+---------+-------+---------+---------+-------
        D:1 |      11 |       0 |   0.0 |       6 |       0 |   0.0
        D:2 |      35 |      32 |  47.8 |      10 |       1 |   9.1
        D:3 |     118 |     238 |  66.9 |      25 |       6 |  19.4
        D:4 |     278 |     187 |  40.2 |      15 |       2 |  11.8
        D:5 |     752 |     321 |  29.9 |      16 |       3 |  15.8
        D:6 |     636 |     338 |  34.7 |      19 |      16 |  45.7
        D:7 |    1767 |       0 |   0.0 |      22 |       0 |   0.0
        D:8 |    1044 |    1184 |  53.1 |      26 |      11 |  29.7
        D:9 |    2610 |     889 |  25.4 |      50 |       6 |  10.7
       D:10 |    1579 |       0 |   0.0 |      14 |       0 |   0.0
       D:11 |    2858 |       0 |   0.0 |      26 |       0 |   0.0
      Sewer |       0 |      93 | 100.0 |       0 |      24 | 100.0
            +---------+---------+-------+---------+---------+-------
